 Dungeon Crawl Stone Soup version 0.27-a0-1256-gced786f65e (webtiles) character file.

Game seed: 7954537691860747914

4299 mordus the Grappler (level 10, -1/100 HPs)
             Began as a Troll Monk on June 10, 2021.
             Slain by a killer bee (7 damage)
             ... on level 8 of the Dungeon.
             The game lasted 00:17:09 (5980 turns).

mordus the Grappler (Troll Monk)                    Turns: 5980, Time: 00:17:09

Health: -1/100     AC:  4    Str: 36    XL:     10   Next: 11%
Magic:  11/11      EV: 12    Int:  6    God:
Gold:   337        SH:  0    Dex: 12    Spells: 11/12 levels left

rFire    + . .     SeeInvis .     - Unarmed
rCold    + . .     Faith    .   (no shield)
rNeg     . . .     Spirit   .   C - +0 robe {rC+ rF+}
rPois    .         Reflect  .   (helmet restricted)
rElec    .         Harm     .   (no cloak)
rCorr    .         Rampage  .   (gloves unavailable)
Will     .....                  (boots unavailable)
Stlth    ++........             (no amulet)
HPRegen  1.26/turn              D - +6 ring of strength
MPRegen  0.12/turn              g - +6 ring of strength

@: lethally poisoned (-1 -> -10)
A: large, unfitting armour, claws 3, regeneration 1, shaggy fur 1, tough skin 1
a: no special abilities


You were on level 8 of the Dungeon.
You visited 2 branches of the dungeon, and saw 9 of its levels.

You collected 337 gold pieces.

Inventory:

Hand Weapons
 n - a +0 club
 p - the +8 long sword of Ciumassu {speed, rC+ Int+2}
   (You found it on level 4 of the Dungeon)

   Attacks with this weapon are significantly faster.
   It affects your intelligence (+2).
   It protects you from cold.
 u - a +0 giant club
Missiles
 j - 2 throwing nets (quivered)
 H - a curare-tipped dart
Armour
 a - a +0 robe
 C - a +0 robe of resistance (worn)
Jewellery
 d - a ring of willpower
 g - a +6 ring of strength (right claw)
 r - a +4 ring of slaying
 v - an amulet of the acrobat
 x - a ring of flight
 D - a +6 ring of strength (left claw)
 E - an amulet of faith
Wands
 A - a wand of polymorph (3)
 F - a wand of paralysis (9)
 I - a wand of iceblast (5)
Scrolls
 b - 3 scrolls of fear {unknown}
 c - 10 scrolls of identify {unknown}
 f - 2 scrolls of immolation {unknown}
 i - 3 scrolls of amnesia {unknown}
 m - a scroll of vulnerability {unknown}
 t - a scroll of noise {unknown}
 y - 4 scrolls of teleportation {unknown}
 z - 2 scrolls of enchant armour {unknown}
Potions
 e - 5 potions of curing
 h - 2 potions of heal wounds {unknown}
 k - a potion of lignification {unknown}
 l - 2 potions of berserk rage {unknown}
 o - 2 potions of flight {unknown}
 q - a potion of resistance {unknown}
 s - a potion of ambrosia {unknown}
 w - a potion of degeneration {unknown}
 B - a potion of haste {unknown}
 G - 2 potions of brilliance {unknown}


   Skills:
 * Level 6.4 Fighting
 * Level 6.5 Dodging
 - Level 1.0 Stealth
 * Level 9.8 Unarmed Combat
 + Level 1.6 Spellcasting
 - Level 2.0 Conjurations
 + Level 1.7 Air Magic


You had 11 spell levels left.
You knew the following spells:

 Your Spells              Type           Power      Damage    Failure   Level
a - Shock                 Conj/Air       8%         1d3       21%         1

Your spell library contained the following spells:

 Spells                   Type           Power      Damage    Failure   Level
 Magic Dart               Conj           8%         1d3       19%         1
 Static Discharge         Conj/Air       2%         N/A       30%         2
 Corona                   Hex            0%         N/A       41%         1
 Sandblast                Erth           0%         2d4       41%         1
 Swiftness                Air            2%         N/A       52%         3
 Blink                    Tloc           N/A        N/A       54%         2
 Call Imp                 Summ           0%         N/A       54%         2
 Ensorcelled Hibernation  Hex/Ice        0%         N/A       54%         2
 Passwall                 Tmut/Erth      0%         N/A       54%         2
 Slow                     Hex            0%         N/A       54%         2
 Mephitic Cloud           Conj/Pois/Air  1%         N/A       61%         3
 Conjure Flame            Conj/Fire      1%         6-21      65%         3
 Dazzling Flash           Conj/Hex       2%         N/A       65%         3
 Stone Arrow              Conj/Erth      2%         3d7       65%         3
 Confusing Touch          Hex            0%         N/A       78%         3
 Tukima's Dance           Hex            0%         N/A       78%         3
 Airstrike                Air            1%         N/A       90%         4
 Animate Dead             Necr           0%         N/A       99%         4
 Petrify                  Tmut/Erth      0%         N/A       99%         4
 Lightning Bolt           Conj/Air       1%         1d12      99%         5
 Borgnjor's Vile Clutch   Necr/Erth      0%         N/A       100%        5
 Lee's Rapid Deconstruct  Erth           0%         3d5*      100%        5
 Death Channel            Necr           0%         N/A       100%        6
 Simulacrum               Ice/Necr       0%         N/A       100%        6


Dungeon Overview and Level Annotations

Branches:
Dungeon (8/15)             Temple (1/1) D:7            Lair (0/6) D:8

Altars:
Ashenzari
Cheibriados
Dithmenos
Elyvilon
Fedhas
Gozag
Hepliaklqana
Kikubaaqudgha
Makhleb
Nemelex Xobeh
Ru
Trog
Uskayaw
Wu Jian
Yredelemnul
The Shining One

Annotations:
D:6 2 runed translucent doors


Innate Abilities, Weirdness & Mutations

You are too large for most types of armour.
You have claws for hands.
Your natural rate of healing is unusually fast.
You are covered in fur. (AC +1)
You have tough skin. (AC +1)


Message History

The killer bee is severely wounded.
You feel very sick. The killer bee stings you.
* * * LOW HITPOINT WARNING * * *
The killer bee stings you.
* * * LOW HITPOINT WARNING * * *
The killer bee stings you.
* * * LOW HITPOINT WARNING * * *
It was a potion of curing.
You feel better. The killer bee stings you.
* * * LOW HITPOINT WARNING * * *
You are poisoned.
The killer bee poisons you! The killer bee stings you.
* * * LOW HITPOINT WARNING * * *
You are lethally poisoned!
The killer bee poisons you!
The killer bee stings you but does no damage.
The killer bee stings you.
* * * LOW HITPOINT WARNING * * *
You feel better.
The killer bee misses you. x2; The killer bee stings you.
* * * LOW HITPOINT WARNING * * *
The killer bee stings you but does no damage.
The killer bee barely misses you.
The killer bee stings you but does no damage. x2
The killer bee barely misses you. The killer bee stings you.
* * * LOW HITPOINT WARNING * * *
The killer bee barely misses you. The killer bee stings you.
* * * LOW HITPOINT WARNING * * *
There is an open door here.
You miss the killer bee.
The killer bee is severely wounded.
The killer bee stings you.
* * * LOW HITPOINT WARNING * * *
You are poisoned.
The killer bee poisons you! The killer bee barely misses you.
The killer bee stings you.
* * * LOW HITPOINT WARNING * * *
You are lethally poisoned!
The killer bee poisons you! The killer bee stings you!
You die...

..#...........#..................
..#...........#................##
..#...........#.......#####....#.
..#...........#.......# #....#.
..#..####.###+#.......# #....##
..#+#####.#...........# +......
..# #...#...........# #...... ..#
#...#....#y###### #####.. ..#
#...#....#@y...# #.. ..#
#...#....'.....# #.. ..#
#...#....#....## +#######..
..######'##....###### ..........
...............#....# ..........
...............'....# ..........
...............#...## ..........
..............#...# .#######..
..........#####...# #.....#..


You could see 2 killer bees.

Vanquished Creatures
  A two-headed ogre (D:7)
  A gargoyle (D:7)
  2 wraiths (D:6)
  A shadow (D:6)
  Grum (D:8)
  Menkaure (D:6)
  An orc warrior (D:7)
  A sky beast (D:5)
  An ogre (D:6)
  2 wolves (D:8)
  2 centaurs (D:7)
  A necrophage (D:6)
  A phantom (D:4)
  A kobold brigand (D:8)
  5 bullfrogs
  2 gnoll sergeants
  A water moccasin skeleton (D:6)
  6 killer bees (D:8)
  A wight (D:6)
  A howler monkey (D:6)
  3 centaur zombies (D:6)
  4 orc priests
  A hound (D:6)
  2 jellies
  A centaur skeleton (D:6)
  3 iron imps (D:5)
  6 iguanas
  6 orc wizards
  A howler monkey zombie (D:8)
  10 gnolls
  7 adders
  A shadow imp (D:7)
  A white imp (D:7)
  A worm (D:3)
  2 dart slugs (D:2)
  23 orcs
  9 endoplasms
  3 giant cockroaches
  9 goblins
  3 hobgoblins
  3 jackals (D:3)
  4 quokkas
  10 ball pythons
  3 bats
  A frilled lizard (D:3)
  9 kobolds
  5 rats
164 creatures vanquished.

Notes
Turn   | Place    | Note
-------+----------+-------------------------------------------
     0 | D:1      | mordus the Troll Monk began the quest for the Orb.
     0 | D:1      | Reached XP level 1. HP: 22/22 MP: 0/0
   454 | D:1      | Reached XP level 2. HP: 29/29 MP: 1/1
   778 | D:2      | Found a faded altar of an unknown god.
   955 | D:2      | Reached XP level 3. HP: 36/36 MP: 2/2
  1379 | D:3      | Found an opulent altar of Gozag.
  1460 | D:3      | Reached skill level 4 in Unarmed Combat
  1576 | D:3      | Reached XP level 4. HP: 33/44 MP: 3/3
  1673 | D:3      | Reached XP level 5. HP: 53/53 MP: 4/4
  2145 | D:4      | Identified the +8 long sword of Ciumassu {speed, rC+ Int+2}
  2176 | D:4      | Reached skill level 5 in Unarmed Combat
  2176 | D:4      | Reached XP level 6. HP: 39/61 MP: 5/5
  2829 | D:5      | Entered Level 5 of the Dungeon
  2844 | D:5      | Noticed a sky beast
  2852 | D:5      | Killed a sky beast
  2853 | D:5      | Reached skill level 6 in Unarmed Combat
  2853 | D:5      | Reached XP level 7. HP: 54/68 MP: 6/6
  3461 | D:5      | Found a burning altar of Makhleb.
  3672 | D:5      | Found a snail-covered altar of Cheibriados.
  3721 | D:6      | Noticed Menkaure
  3726 | D:6      | Killed Menkaure
  3776 | D:6      | Reached skill level 7 in Unarmed Combat
  3921 | D:6      | Reached XP level 8. HP: 76/79 MP: 7/7
  3983 | D:6      | Found a large runed translucent door.
  3984 | D:6      | Found a large runed translucent door.
  4005 | D:6      | Found a large runed translucent door.
  4005 | D:6      | Found a large runed translucent door.
  4098 | D:6      | Reached skill level 5 in Fighting
  4098 | D:6      | Reached skill level 5 in Dodging
  4098 | D:6      | Reached skill level 8 in Unarmed Combat
  4370 | D:6      | Learned a level 1 spell: Shock
  4587 | D:7      | Reached XP level 9. HP: 88/88 MP: 6/8
  4656 | D:7      | Found a staircase to the Ecumenical Temple.
  4674 | Temple   | Entered the Ecumenical Temple
  4946 | D:7      | Reached skill level 9 in Unarmed Combat
  5172 | D:7      | Found a white marble altar of Elyvilon.
  5188 | D:7      | Reached skill level 1 in Conjurations
  5291 | D:7      | Noticed a gargoyle
  5301 | D:7      | Killed a gargoyle
  5302 | D:7      | Reached skill level 1 in Spellcasting
  5302 | D:7      | Reached skill level 1 in Air Magic
  5327 | D:7      | Noticed a two-headed ogre
  5333 | D:7      | Killed a two-headed ogre
  5522 | D:8      | Noticed Grum
  5534 | D:8      | Killed Grum
  5577 | D:8      | Reached XP level 10. HP: 100/100 MP: 11/11
  5749 | D:8      | Found a staircase to the Lair.
  5969 | D:8      | HP: 1/100 [killer bee (6)]
  5980 | D:8      | Slain by a killer bee

Illustrated notes

Levels and vault maps discovered:
D:1:      lightli_arrival_isolated_outpost, layout_basic
D:2:      layout_loops_ring, shapermc_ecumenical_altar_starsandcircs
D:3:      layout_loops_ring, grunt_gozag_statues
D:4:      layout_basic, minmay_box_of_dots
D:5:      layout_basic, lemuel_round_altar, demons_altar
D:6:      layout_rooms, minmay_hollow_rounded_squares, uniq_menkaure
D:7:      layout_basic, elyvilon_altar_3, minmay_temple_entry_tees,
          minmay_three_doors
D:8:      layout_gridville, lair_entry_dummy, uniq_grum, uniq_maggie
Temple:   minmay_temple_bridge_abc

Skill      XL: |  1  2  3  4  5  6  7  8  9 10 |
---------------+-------------------------------+-----
Unarmed Combat | 4 5 6 7 8 9 |  9.8
Fighting       | 3 4 5 6 |  6.4
Dodging        | 3 4 5 6 |  6.5
Conjurations   | 1 2 |  2.0
Spellcasting   | 1 |  1.6
Air Magic      | 1 |  1.7
Stealth        | |  1.0

Action                   |  1- 3 |  4- 6 |  7- 9 | 10-12 || total
-------------------------+-------+-------+-------+-------++-------
Melee: Unarmed           |    74 |   108 |   202 |    59 ||   443
       Punch             |     2 |     7 |    12 |       ||    21
       Long sword        |       |     9 |       |       ||     9
 Cast: Shock             |       |       |     1 |       ||     1
  Use: Potion            |       |       |       |     2 ||     2
 Stab: Sleeping          |     5 |     2 |     2 |       ||     9
Armor: Robe              |    18 |    32 |    51 |    21 ||   122
Dodge: Dodged            |    30 |    48 |    96 |    57 ||   231
       Rpst.: Long sword |       |     1 |       |       ||     1

Table legend: (Time is in decaauts)
 A = Elapsed time spent in this place.
 B = Non-inter-level travel time spent in this place.
 C = Inter-level travel time spent in this place.
 D = Time resting spent in this place.
 E = Time spent auto-exploring this place.
 F = Levels seen in this place.
 G = Mean time per level.
                   A        B        C        D        E       F      G
               +--------+--------+--------+--------+--------+-----+--------+
         Total |   5940 |   5757 |    183 |    117 |   4560 |   9 |  660.0 |
       Dungeon |   5745 |   5562 |    183 |    117 |   4389 |   8 |  718.1 |
        Temple |    194 |    194 |      0 |      0 |    171 |   1 |  194.0 |
               +--------+--------+--------+--------+--------+-----+--------+

Top non-repeatable levels by time:
     D:5: 874 daAuts
     D:6: 808 daAuts
     D:7: 784 daAuts
     D:1: 777 daAuts
     D:4: 747 daAuts
     D:3: 712 daAuts
     D:2: 577 daAuts
     D:8: 464 daAuts
  Temple: 194 daAuts
